 Dungeon Crawl Stone Soup version 0.21.1-1-g345015f (webtiles) character file.

20132 JeffiDaFish the Blocker (level 12, -1/77 HPs)
             Began as a Gargoyle Fighter on Feb 6, 2018.
             Was the Champion of Okawaru.
             Slain by Urug
             ... wielding a +3 halberd
              (22 damage)
             ... on level 3 of the Lair of Beasts.
             The game lasted 00:30:10 (15621 turns).

JeffiDaFish the Blocker (Gargoyle Fighter)         Turns: 15621, Time: 00:30:11

Health: -1/77      AC: 27    Str: 23    XL:     12   Next: 76%
Magic:  12/12      EV: 10    Int: 10    God:    Okawaru [******]
Gold:   816        SH: 12    Dex: 12    Spells: 11/11 levels left

rFire    . . .     SeeInvis .   o - +0 morningstar
rCold    . . .     Gourm    .   c - +0 shield
rNeg     + . .     Faith    .   r - +0 plate armour
rPois    ∞         Spirit   .   (helmet restricted)
rElec    +         Reflect  .   p - +0 cloak
rCorr    +         Harm     .   g - +0 pair of gloves
MR       +....     Rnd*Tele +   q - +0 pair of boots (curse)
Stlth    ..........             (no amulet)
HPRegen  0.22/turn              e - ring of protection from magic
MPRegen  0.13/turn              n - ring of resist corrosion

@: no status effects
A: beak, clever 1, negative energy resistance 1, electricity resistance,
teleportitis 1, wild magic 1, unbreathing, petrification resistance, rot
immunity, AC +8
a: Heroism, Finesse, Renounce Religion


You were on level 3 of the Lair of Beasts.
You worshipped Okawaru.
Okawaru was exalted by your worship.
You were not hungry.

You visited 3 branches of the dungeon, and saw 16 of its levels.

You collected 933 gold pieces.
You spent 117 gold pieces at shops.

Inventory:

Hand Weapons
 o - a +0 morningstar (weapon)
Armour
 c - a +0 shield (worn)
 g - a +0 pair of gloves (worn)
 p - a +0 cloak (worn)
 q - a cursed +0 pair of boots (worn)
 r - a +0 plate armour (worn)
Jewellery
 e - a ring of protection from magic (left hand)
 l - an uncursed ring of flight
 n - a ring of resist corrosion (right hand)
 y - an uncursed ring of protection from magic
Wands
 t - a wand of clouds (6)
Scrolls
 i - 9 scrolls of identify
 j - 8 scrolls of remove curse
 k - 10 scrolls of teleportation
 s - a scroll of fog
 u - 2 scrolls of magic mapping
 z - a scroll of fear
Potions
 a - a potion of invisibility
 b - 2 potions of haste
 d - 6 potions of might
 h - a potion of ambrosia
 m - 7 potions of curing
 v - 2 potions of brilliance
Comestibles
 f - 36 rations
 w - 4 chunks of flesh


   Skills:
 + Level 9.7 Fighting
 + Level 10.3 Maces & Flails
 + Level 10.1 Armour
 * Level 8.9 Dodging
 + Level 10.3 Shields
 + Level 0.2 Invocations


You had 11 spell levels left.
You didn't know any spells.

Dungeon Overview and Level Annotations

Branches:
Dungeon (12/15)            Temple (1/1) D:6            Lair (3/6) D:11
  Snake (0/4) Lair:2          Orc (0/2) D:10
  Swamp: Lair:2-4    Shoals: Lair:2-4

Altars:
Cheibriados
Dithmenos
Elyvilon
Fedhas
Gozag
Hepliaklqana
Kikubaaqudgha
Okawaru
Ru
Sif Muna
Trog
Uskayaw
Vehumet
Wu Jian
Yredelemnul
Zin
The Shining One

Shops:
D:5 *=

Annotations:
Lair:3 Urug


Innate Abilities, Weirdness & Mutations

You are resistant to torment.
Your stone body is resilient. (AC +8)
You are immune to poison.
You resist negative energy. (rN+)
You are resistant to electric shocks. (rElec)
You can survive without breathing.
You are immune to petrification.
You are immune to rotting.
You have a beak for a mouth.
Your mind is acute. (Int +2)
You are occasionally teleported next to monsters.
Your spells are a little harder to cast, but a little more powerful.


Message History

Urug is heavily wounded.
You block Urug's attack.
You barely miss Urug.
Urug is heavily wounded.
You hit Urug but do no damage. Your peck misses Urug.
Urug is heavily wounded.
You block Urug's attack.
You puncture Urug!
Urug is heavily wounded.
Urug hits you with an enchanted halberd!!
You impale Urug!! Your peck misses Urug.
Urug is almost dead.
Urug screams, "All you harpies will die!"
Urug hits you with an enchanted halberd!
* * * LOW HITPOINT WARNING * * *
Your plate armour prevents you from hitting Urug.
You peck Urug, but do no damage.
Urug is almost dead.
Urug hits you with an enchanted halberd!!
You die...

### ###.P# #..P #P..P.
....o## #..... #....###
#..... ##o.# # ......
#@..# #.# #... ##..#
###.. #... ##.#
#....###... ##.#
###..#.#..## ### #..#
#P...#....
#.####..####.......###
#..##.............#.##
#..#...............#..
####.....................


You could see Urug.

Vanquished Creatures
  A two-headed ogre (D:11)
  An ugly thing (D:12)
  A centaur zombie (D:11)
  3 black mambas
  5 spiny frogs
  2 komodo dragons
  A troll (D:9)
  3 hornets
  6 hippogriffs
  37 yaks
  2 wyverns
  A basilisk (Lair:2)
  2 hungry ghosts
  Menkaure (D:7)
  7 nagas (Lair:2)
  2 water moccasins
  12 porcupines
  An ice beast (D:10)
  6 sky beasts
  7 orc warriors
  A phantom (D:4)
  6 ogres
  4 centaurs
  4 crocodiles
  14 bullfrogs
  2 scorpions
  3 killer bees (D:9)
  5 wights (D:9)
  4 crimson imps
  2 quasits (D:8)
  7 hounds
  6 orc priests
  21 orc wizards
  Crazy Yiuf (D:6)
  2 jellies
  3 bullfrog skeletons
  2 iguanas
  2 centaur skeletons
  Natasha (thrice) (D:3)
  2 worker ants (D:4)
  A hound zombie (D:8)
  4 hound skeletons
  7 gnolls
  9 adders
  An adder skeleton (D:8)
  2 worms
  4 leopard geckos
  56 orcs
  3 giant cockroaches
  5 goblins
  9 hobgoblins
  11 jackals
  2 quokkas
  3 ball pythons
  6 bats
  6 frilled lizards
  2 gnoll zombies (D:6)
  A jackal zombie (D:9)
  2 kobolds
  A quokka skeleton (D:6)
  4 rats
334 creatures vanquished.

Vanquished Creatures (others)
  An orc wizard (D:10)
  5 fungi
6 creatures vanquished.

Grand Total: 340 creatures vanquished

Notes
Turn   | Place    | Note
-------+----------+-------------------------------------------
     0 | D:1      | JeffiDaFish the Gargoyle Fighter began the quest for the Orb.
     0 | D:1      | Reached XP level 1. HP: 14/14 MP: 1/1
   121 | D:1      | Reached XP level 2. HP: 16/19 MP: 2/2
   570 | D:1      | You fall through a shaft!
   746 | D:2      | Reached XP level 3. HP: 24/24 MP: 3/3
  1085 | D:2      | Reached XP level 4. HP: 29/29 MP: 4/4
  1166 | D:2      | Found a hazy altar of Hepliaklqana.
  1609 | D:3      | Noticed Natasha
  1623 | D:3      | Killed Natasha
  1972 | D:3      | Reached XP level 5. HP: 31/33 MP: 5/5
  2075 | D:3      | Noticed Natasha
  2083 | D:3      | Killed Natasha
  2093 | D:3      | Noticed Natasha
  2098 | D:3      | Killed Natasha
  2290 | D:3      | Found a faded altar of an unknown god.
  2560 | D:4      | Gained mutation: You are occasionally teleported next to monsters. [potion of mutation]
  2560 | D:4      | Gained mutation: Your mind is acute. (Int +2) [potion of mutation]
  2560 | D:4      | Gained mutation: Your spells are a little harder to cast, but a little more powerful. [potion of mutation]
  2560 | D:4      | Gained mutation: You have a beak for a mouth. [potion of mutation]
  2620 | D:4      | Noticed a phantom
  2622 | D:4      | Reached XP level 6. HP: 35/38 MP: 6/6
  2660 | D:4      | Killed a phantom
  2805 | D:4      | Reached skill level 5 in Maces & Flails
  2805 | D:4      | Reached skill level 5 in Shields
  2805 | D:4      | Reached XP level 7. HP: 42/44 MP: 7/7
  3459 | D:5      | Entered Level 5 of the Dungeon
  3459 | D:5      | Found Ishroimm's Assorted Antiques.
  3462 | D:5      | Bought a cloak for 117 gold pieces
  3487 | D:5      | Reached skill level 5 in Armour
  3605 | D:5      | Reached skill level 1 in Dodging
  3605 | D:5      | Reached XP level 8. HP: 42/48 MP: 8/8
  3861 | D:5      | Found Loill's Jewellery Shop.
  4313 | D:6      | Found a staircase to the Ecumenical Temple.
  4325 | Temple   | Entered the Ecumenical Temple
  4337 | Temple   | Became a worshipper of Warmaster Okawaru
  5059 | D:6      | Found a basalt altar of Yredelemnul.
  5337 | D:6      | Found a runed door.
  5341 | D:6      | Noticed Crazy Yiuf
  5351 | D:6      | Killed Crazy Yiuf
  5496 | D:7      | Reached skill level 5 in Fighting
  5514 | D:7      | Reached * piety under Okawaru
  5811 | D:7      | Noticed Menkaure
  5818 | D:7      | Killed Menkaure
  5818 | D:7      | Reached XP level 9. HP: 43/54 MP: 9/9
  6530 | D:7      | Reached ** piety under Okawaru
  6620 | D:8      | Noticed a hornet
  6622 | D:8      | Found a bloodstained altar of Trog.
  6645 | D:8      | Killed a hornet
  7117 | D:8      | Found a blossoming altar of Fedhas.
  7311 | D:8      | Found a glowing golden altar of the Shining One.
  7791 | D:9      | Reached XP level 10. HP: 26/61 MP: 10/10
  8233 | D:9      | Reached *** piety under Okawaru
  8418 | D:9      | Found a glowing silver altar of Zin.
  8420 | D:9      | Found a sacrificial altar of Ru.
  8424 | D:9      | Found a radiant altar of Vehumet.
  8426 | D:9      | Found a hide-covered altar of Uskayaw.
  8427 | D:9      | Found an ornate altar of the Wu Jian Council.
  8924 | D:10     | Entered Level 10 of the Dungeon
  8985 | D:10     | Reached skill level 5 in Dodging
  9026 | D:10     | Reached **** piety under Okawaru
  9315 | D:10     | Found a staircase to the Orcish Mines.
  9440 | D:10     | Reached XP level 11. HP: 17/68 MP: 11/11
 10343 | D:11     | Noticed a two-headed ogre
 10393 | D:11     | Killed a two-headed ogre
 10393 | D:11     | Reached ***** piety under Okawaru
 10393 | D:11     | Received a gift from Okawaru
 10893 | D:11     | Got a scorched helmet
 10991 | D:11     | Found a staircase to the Lair.
 11580 | D:12     | Noticed a green ugly thing
 11589 | D:12     | Killed a green ugly thing
 12176 | Lair:1   | Entered Level 1 of the Lair of Beasts
 13039 | Lair:1   | Received a gift from Okawaru
 13045 | Lair:1   | Reached XP level 12. HP: 60/75 MP: 12/12
 13949 | Lair:2   | Reached skill level 10 in Shields
 14161 | Lair:2   | Found a staircase to the Snake Pit.
 14460 | Lair:3   | Reached skill level 10 in Maces & Flails
 14696 | Lair:3   | Reached ****** piety under Okawaru
 15093 | Lair:3   | Reached skill level 10 in Armour
 15593 | Lair:3   | Noticed Urug
 15621 | Lair:3   | Slain by Urug

Skill      XL: |  1  2  3  4  5  6  7  8  9 10 11 12 |
---------------+-------------------------------------+-----
Armour         | 4 5 6 7 8 9 10 | 10.1
Maces & Flails | 3 4 5 6 7 8 9 10 | 10.3
Shields        | 4 5 6 7 8 9 10 | 10.3
Fighting       | 4 5 6 7 8 9 |  9.7
Dodging        | 1 4 6 7 8 |  8.9
Invocations    | |  0.2

Action                   |  1- 3 |  4- 6 |  7- 9 | 10-12 || total
-------------------------+-------+-------+-------+-------++-------
Melee: Flail             |   121 |   173 |   293 |       ||   587
       Peck              |       |    12 |    89 |   225 ||   326
       Morningstar       |       |       |   229 |  1107 ||  1336
Invok: Heroism           |       |       |       |     2 ||     2
       Finesse           |       |       |       |     1 ||     1
  Use: Scroll            |     5 |     3 |     6 |     1 ||    15
       Potion            |     4 |     2 |     5 |     3 ||    14
  Eat: Chunk             |     1 |     6 |    20 |    25 ||    52
       Ration            |       |       |       |     2 ||     2
Armor: Scale mail        |    57 |    44 |       |       ||   101
       Chain mail        |       |    51 |   162 |       ||   213
       Plate armour      |       |       |   250 |   836 ||  1086
Dodge: Dodged            |    37 |    41 |   132 |   392 ||   602
Block: Shield            |    72 |    78 |   323 |   766 ||  1239
